 Dungeon Crawl Stone Soup version 0.16-a0-3159-ge6ac362 (webtiles) character file.

375 razloz the Charmwright (level 6, -1/52 HPs)
             Began as a Salamander Skald on Aug 22, 2015.
             Succumbed to a killer bee's poison
             ... on level 8 of the Dungeon.
             The game lasted 00:07:09 (1571 turns).

razloz the Charmwright (Salamander Skald)           Turns: 1571, Time: 00:07:09

Health: -1/52      AC:  9    Str: 11    XL:     6   Next: 44%
Magic:  17/17      EV:  8    Int: 15    God:
Gold:   42         SH:  0    Dex: 13    Spells: 3 memorised, 8 levels left

rFire  + . .     SeeInvis .     h - +1 war axe (chop)
rCold  x x .     Clarity  .     a - +0 scale mail (curse)
rNeg   . . .     SustAb   .     (no shield)
rPois  .         Gourm    .     j - +0 helmet (curse)
rElec  .         Spirit   .     (no cloak)
rCorr  .         Warding  .     (no gloves)
rMut   .         NoTele   +     (no barding)
MR     .....                    (no amulet)
Stlth  ..........               (no ring)
                                p - ring of Mumucus {Fire -Tele}

@: lethally poisoned, very slow, not resistant to hostile enchantments,
extremely unstealthy
A: fiery attack, slowness 2, tough skin 2, cold vulnerability 1
a: no special abilities


You were on level 8 of the Dungeon.
You were not hungry.

You visited 1 branch of the dungeon, and saw 8 of its levels.

You collected 42 gold pieces.

Inventory:

Hand weapons
 h - a +1 war axe of chopping (weapon)
Armour
 a - a cursed +0 scale mail (worn)
 b - a +0 leather armour
 j - a cursed +0 helmet (worn)
Jewellery
 p - the ring of Mumucus (left hand) {Fire -Tele}
   (You found it on level 7 of the Dungeon)

   [ring of fire]

   It enhances your fire magic, and weakens your ice magic.
   It protects you from fire.
   It makes you vulnerable to cold.
   It prevents most forms of teleportation.
Magical devices
 i - a wand of cold (4)
Scrolls
 g - 2 scrolls of magic mapping {unknown}
 l - a scroll of fog {unknown}
 m - a scroll of identify {unknown}
 n - 3 scrolls of remove curse {unknown}
Books
 c - a book of Battle

   Spells                             Type                      Level
   a - Infusion                       Charms                       1
   b - Shroud of Golubria             Charms/Translocation         2
   c - Song of Slaying                Charms                       2
   d - Spectral Weapon                Hexes/Charms                 3
   e - Regeneration                   Charms/Necromancy            3
Comestibles
 d - a bread ration
 k - a slice of pizza
 q - 3 fruits


   Skills:
 + Level 4.2 Fighting
 - Level 2.0 Axes
 + Level 2.6 Armour
 - Level 1.0 Dodging
 + Level 4.0 Spellcasting
 + Level 4.8 Charms


You had 8 spell levels left.
You knew the following spells:

 Your Spells              Type           Power        Failure   Level  Hunger
a - Infusion              Chrm           ###...       14%         1    None
b - Song of Slaying       Chrm           ###.....     21%         2    ##.....
c - Shroud of Golubria    Chrm/Tloc      ##........   63%         2    ##.....


Dungeon Overview and Level Annotations

Branches:
Dungeon (8/15)
 Temple: D:4-7         Lair: D:8-11

Altars:
Ashenzari
Dithmenos

Shops:
D:7 *


Innate Abilities, Weirdness & Mutations

Your melee attacks set your foes ablaze.
You cannot wear boots.
You cover ground very slowly.
You have very tough skin (AC +2).
You are vulnerable to cold.


Message History

You are more poisoned.
The killer bee poisons you!
You hit the killer bee.
The killer bee is engulfed in flames.
The killer bee is moderately wounded.
* * * LOW HITPOINT WARNING * * *
You feel very sick.
The killer bee stings you but does no damage.
The killer bee stings you.
* * * LOW HITPOINT WARNING * * *
The killer bee stings you.
* * * LOW HITPOINT WARNING * * *
You hit the killer bee.
The killer bee is engulfed in flames.
The killer bee is severely wounded.
* * * LOW HITPOINT WARNING * * *
You feel sick. The killer bee barely misses you.
The killer bee stings you but does no damage. x2
Unknown command.
You hit the killer bee but do no damage.
The killer bee is severely wounded.
You die...

#### #...# ####
#.....
####..###......(
#.......†.......
#.......y#.....#
#......@.# ..#
#<.......# #
####..####
.......
...#####.. #.. #


You could see a killer bee.

Vanquished Creatures
  A hungry ghost (D:7)
  A scorpion (D:6)
  A giant frog zombie (D:7)
  A crimson imp (D:4)
  A centaur zombie (D:7)
  2 worker ants (D:4)
  An adder (D:8)
  A worm (D:2)
  An adder skeleton (D:7)
  An adder zombie (D:5)
  2 giant geckos
  3 orcs
  3 goblins
  2 hobgoblins
  4 bats
  4 giant newts
  A kobold (D:4)
  2 rats
32 creatures vanquished.

Notes
Turn   | Place    | Note
--------------------------------------------------------------
     0 | D:1      | razloz, the Salamander Skald, began the quest for the Orb.
     0 | D:1      | Reached XP level 1. HP: 17/17 MP: 3/3
    51 | D:2      | Reached XP level 2. HP: 9/25 MP: 0/6
    59 | D:2      | Reached skill level 1 in Armour
   391 | D:2      | Found a shadowy altar of Dithmenos.
   630 | D:3      | Found a shattered altar of Ashenzari.
   668 | D:4      | Reached XP level 3. HP: 15/30 MP: 7/7
   928 | D:4      | Reached XP level 4. HP: 28/38 MP: 9/9
  1136 | D:4      | Reached skill level 4 in Charms
  1148 | D:5      | Entered Level 5 of the Dungeon
  1160 | D:6      | Reached XP level 5. HP: 40/45 MP: 13/13
  1429 | D:7      | Noticed a hungry ghost
  1441 | D:7      | Killed a hungry ghost
  1441 | D:7      | Reached XP level 6. HP: 42/52 MP: 13/15
  1481 | D:7      | Got a slimy ivory ring
  1482 | D:7      | Identified the ring of Mumucus {Fire -Tele} (You found it on level 7 of the Dungeon)
  1493 | D:7      | Learned a level 2 spell: Song of Slaying
  1496 | D:7      | Learned a level 2 spell: Shroud of Golubria
  1500 | D:7      | Found Miwuz's Assorted Antiques.
  1557 | D:7      | Noticed an orc warrior
  1570 | D:8      | HP: 1/52 [poisoned by a killer bee]
  1571 | D:8      | Succumbed to a killer bee's poison

Action                   |  1- 3 |  4- 6 || total
-------------------------+-------+-------++-------
Melee: Hand axe          |    32 |       ||    32
       War axe           |    30 |    84 ||   114
 Cast: Infusion          |     1 |       ||     1
  Use: Potion            |       |     2 ||     2
       Scroll            |       |     1 ||     1
  Eat: Bread ration      |     1 |       ||     1
